 Dungeon Crawl Stone Soup version 0.31.0-32-g396128a36d (webtiles) character file.

Game seed: 7296924859544561921

9 leafyfresh the Magician (level 2, -1/21 HPs)
             Began as a Djinni Ice Elementalist on Mar 22, 2024.
             Slain by a ball python (2 damage)
             ... on level 1 of the Dungeon.
             The game lasted 00:01:12 (238 turns).

leafyfresh the Magician (Djinni Ice Elementalist)    Turns: 238, Time: 00:01:12

Health: -1/21      AC:  2    Str:  7    XL:     2   Next: 20%
Gold:   5          EV:  9    Int: 16    God:
                   SH:  0    Dex: 13

rFire   + + +        b - +1 sling (heavy)
rCold   x . .        (no shield)
rNeg    . . .        a - +0 robe
rPois   ∞            (no helmet)
rElec   .            (no cloak)
rCorr   .            (no gloves)
SInv    .            (boots unavailable)
Will    +....        (no amulet)
Stlth   +            c - ring of protection from fire
HPRegen 0.23/turn    (no ring)
MPRegen 0.00/turn

%: infuse magic (-2 HP)
@: confused, ambrosia-drunk, enlightened, flying, constricted
A: sickness immunity, fire resistance 2, cold vulnerability 1, float, innate
caster, HP casting, extra vitality 1
a: no special abilities


You were on level 1 of the Dungeon.
You visited 1 branch of the dungeon, and saw 1 of its levels.

You collected 5 gold pieces.

Inventory:

Hand Weapons
 b - a +1 heavy sling (weapon)
 f - a +4 dagger
Armour
 a - a +0 robe (worn)
Jewellery
 c - a ring of protection from fire (left hand)


   Skills:
 - Level 2.4 Dodging
 - Level 1.8 Stealth
 + Level 3.7 Spellcasting
 + Level 3.7 Conjurations
 + Level 3.7 Hexes
 + Level 3.7 Summonings
 + Level 3.7 Necromancy
 + Level 3.7 Translocations
 + Level 3.7 Fire Magic
 + Level 3.7 Ice Magic
 + Level 3.7 Air Magic
 + Level 3.7 Earth Magic
 + Level 3.7 Alchemy


You knew the following spells:

 Your Spells              Type           Power      Damage    Failure   Level
a - Freeze                Ice            56%        1d7       3%          1
b - Frozen Ramparts       Ice            28%        1d5       12%         3
c - Ozocubu's Armour      Ice            14%        N/A       12%         3
d - Summon Ice Beast      Ice/Summ       14%        N/A       12%         3
Your spell library was empty.

Dungeon Overview and Level Annotations

Branches:
Dungeon (1/15)

Altars:


Innate Abilities, Weirdness & Mutations

You are immune to sickness and miasma.
You are immune to poison.
Your flesh is very heat resistant. (rF++)
You are vulnerable to cold. (rC-)
You float through the air rather than walking.
You learn spells naturally, not from books.
Your magical power is your life essence.
You have superior vitality. (+4 MHP)


Message History

The giant cockroach bites you but does no damage.
The goblin misses you. The goblin hits you with a +0 club.
The endoplasm hits you. The giant cockroach bites you.
The ball python bites you. The ball python grabs you.
The ball python constricts you. The frilled lizard bites you.
The ball python bites you. The ball python constricts you.
* * * LOW HITPOINT WARNING * * *
You escape the ball python's grasp.
As you read the scroll labelled FIQEIQ NIKA, it crumbles to dust.
It is a scroll of amnesia.
You feel forgetful for a moment. The goblin barely misses you.
The frilled lizard bites you.
* * * LOW HITPOINT WARNING * * *
It was a potion of enlightenment.
You feel more buoyant. The goblin barely misses you.
The frilled lizard closely misses you. The endoplasm misses you.
The ball python closely misses you. x2
The ball python attacks as it pursues you!
The ball python barely misses you. x2
The frilled lizard attacks as it pursues you!
The frilled lizard misses you.
The endoplasm attacks as it pursues you!
The endoplasm hits you but does no damage.
The ball python attacks as it pursues you!
The ball python bites you.
* * * LOW HITPOINT WARNING * * *
The ball python grabs you. The ball python constricts you.
* * * LOW HITPOINT WARNING * * *
The frilled lizard attacks as it pursues you!
The frilled lizard closely misses you.
It was a potion of ambrosia.
You are confused.
You feel invigorated. The ball python bites you.
The ball python constricts you. The goblin hits you with a +0 club.
* * * LOW HITPOINT WARNING * * *
The frilled lizard bites you.
* * * LOW HITPOINT WARNING * * *
The endoplasm barely misses you. The ball python bites you.
You die...

#...#############
#.#.............#
#.∩..♣..♣..∩.....
##...............
#..............S
#♣..∩..∩..8.._.#
#....gB........#
#...gglJ.......#
#♣...S@...∩.....
#...............
#............$.#
#♣..∩..∩..♣..∩.#
#..............#
#.............
#8..∩..♣..∩..∩
########..##.#
......


You could see an endoplasm, a giant cockroach, a hobgoblin, 2 goblins, a ball
python and a frilled lizard.

Vanquished Creatures
  2 ball pythons (D:1)
  3 goblins (D:1)
  A frilled lizard (D:1)
  2 rats (D:1)
8 creatures vanquished.

Notes
Turn   | Place    | Note
-------+----------+-------------------------------------------
     0 | D:1      | leafyfresh the Djinni Ice Elementalist began the quest for
                  | the Orb.
     0 | D:1      | leafyfresh set off with the following spells memorised:
                  | Freeze, Frozen Ramparts, Ozocubu's Armour, Summon Ice
                  | Beast.
     0 | D:1      | Reached XP level 1. HP: 15/15 MP: 0/0
   146 | D:1      | Reached XP level 2. HP: 21/21 MP: 0/0
   219 | D:1      | Found a faded altar of an unknown god.
   238 | D:1      | HP: 1/21 [frilled lizard (2)]
   238 | D:1      | Slain by a ball python

Illustrated notes

Levels and vault maps discovered:
D:1:      minmay_arrival_radiant_lines, layout_loops_ring,
          hellmonk_ecumenical_altar_arch_garden

Action                     || total
---------------------------++-------
   Fire: Sling             ||     7
   Cast: Freeze            ||     1
    Use: Potion            ||     2
         Scroll            ||     1
 Armour: Robe              ||    21
  Dodge: Dodged            ||    18
